[Event "Live Chess"]
[Site "Chess.com"]
[Date "2023.05.21"]
[Round "-"]
[White "grillage"]
[Black "worldchessleaguelive"]
[Result "1-0"]
[WhiteElo "1803"]
[BlackElo "1359"]
[TimeControl "300"]
[EndTime "18:03:17 PDT"]
[Termination "grillage won by resignation"]

1. d4 d5 2. Nf3 Nf6 3. c4 dxc4 4.
e3 Bg4 5. Bxc4 e6 6. O-O Be7 7. Nc3 O-O 8. h3 Bh5 9. Be2 a6 10. e4 Nbd7 11. Bf4 c6 12. Rc1 Rc8 13. Ne5 Bxe2 14.
Qxe2 Nxe5 15. dxe5 Ne8 16. Rfd1 Qb6 17. b3 Nc7 18. Qg4 Rfd8 19. Bh6 Bf8 20. Ne2 Ne8 21. Nf4 Kh8 22. Bg5 Rxd1+ 23. Rxd1 Rd8 24. Bxd8 1-0

[Event "Live Chess"]
[Site "Chess.com"]
[Date "2023.05.21"]
[Round "-"]
[White "LiamBellwood"]
[Black "ShanthamGrarks"]
[Result "1-0"]
[WhiteElo "2046"]
[BlackElo "2001"]
[TimeControl "300"]
[EndTime "18:03:20 PDT"]
[Termination "LiamBellwood won by resignation"]

1. d4 e6 2. Nc3 f5 3. e4 fxe4 4. Nxe4 Nf6 5. Bg5 Be7 6. Bxf6 Bxf6 7. c3 O-O 8. Bd3 d5 9. Nxf6+ Qxf6 10. Nf3 Nd7 11. O-O e5 12. dxe5 Nxe5 13. Nxe5 Qxe5 14. Re1 Qd6 15. Qh5 g6 16. Qg5 Bf5 17. Bxf5 Rxf5 18. Qe7 Qb6 19. Re2 Raf8 20. Rf1 d4 21. cxd4 Qxd4 22. Qxc7 b5 23. Re7 R5f7 24. Rxf7 Rxf7 25. Qb8+ Kg7 26. Qxb5 h5 27. Qa5 Kh7 28. Qc3 Qf4 29. Qe3 Qa4 30. a3 a5 31. Re1 Qc2 32. Qe2 Qc5 33.
g3 Qd4 34. Kg2 a4 35. h4 Qd5+ 36. Qe4 Qc5 37. Re2 Qb5 38. Rc2 Rg7 39. Rd2 Qa5 40. Rd5 Qb6 41. Rxh5+ 1-0

[Event "Live Chess"]
[Site "Chess.com"]
[Date "2023.05.21"]
[Round "-"]
[White "GMHarry-youtube"]
[Black "smoggyrabbit"]
[Result "1-0"]
[WhiteElo "2044"]
[BlackElo "1745"]
[TimeControl "300"]
[EndTime "18:03:28 PDT"]
[Termination "GMHarry-youtube won by checkmate"]

1. e4 e6 2. d4 d5 3. e5 c5 4. c3 Nc6 5. Nf3 Bd7 6. Be2 Nge7 7. dxc5 Ng6 8. b4 Ngxe5 9. Nxe5 Nxe5 10. Bf4 Ng6 11. Bg3 a5 12. a3 axb4 13. cxb4 b6 14. cxb6 Qxb6 15. Nd2 Bd6 16. Bxd6 Qxd6 17. Ne4 Qe5 18.
Nc5 Bb5 19. Ra2 Bc4 20. Ra1 Bxe2 21. Qc1 Bc4+ 22. Kd2 Qe2+ 23. Kc3 d4+ 24. Kxd4 Rd8+ 25. Kc3 Ne5 26. Rd1 O-O 27. Qc2 Qxc2+ 28. Kxc2 Rd5 29. Rxd5 Bxd5 30. Re1 Ng6 31. a4 Bxg2 32. a5 Rc8 33. a6 Nf4 34. Kb3 Bd5+ 35. Ka4 Bc6+ 36. b5 Bd5 37. Nd7 Nd3 38. Rb1 Rc4+ 39. Ka5 Rc2 40. Kb6 Rc3 41. Ra1 Rc8 42. a7 Nb4 43. Nc5 Nc2 44. Ra5 Nd4 45. Nb7 Bxb7 46. Kxb7 Rd8 47. a8=Q Rxa8 48. Rxa8# 1-0

[Event "Live Chess"]
[Site "Chess.com"]
[Date "2023.05.21"]
[Round "-"]
[White "LodeshChess"]
[Black "blowerd"]
[Result "1-0"]
[WhiteElo "1176"]
[BlackElo "1366"]
[TimeControl "300"]
[EndTime "18:04:31 PDT"]
[Termination "LodeshChess won on time"]

1. e4 e5 2. Nf3 Nc6 3. c3 Bc5 4. d4 exd4 5. cxd4 Bb6 6. Nc3 Nge7 7. Bd3 d6 8. O-O Bg4 9. h3 Bxf3 10. Qxf3 Nxd4 11.
Qh5 g6 12. Qh6 Qd7 13. Bg5 O-O-O 14. Bxe7 Qxe7 15. Nd5 Qe5 16. Nxb6+ axb6 17. b3 Kb8 18. Rfe1 c5 19. Bc4 Nc2 20. Bd5 Nxa1 21. Qd2 f5 22. f3 Qd4+ 23. Qxd4 cxd4 24. Rxa1 fxe4 25. fxe4 Rc8 26. Rd1 Rc2 27. a4 Rhc8 28. Rxd4 Rc1+ 29. Kh2 R1c5 30. Rb4 Ka7 31. Kg3 Rf8 32. Kg4 Re8 33. Kg5 Re5+ 34. Kh6 Rh5+ 35. Kg7 Rc7+ 36. Kf6 Re5 37. g4 Rc3 38. Kg7 Rxh3 39. a5 bxa5 40. Rxb7+ Ka6 41. Rd7 Rxd5 42. exd5 Rxb3 43. Rxd6+ Kb5 44.
Kxh7 Kc5 45. Rd8 g5 46. Kg6 Rd3 47. Ra8 Rxd5 48. Rxa5+ Kd4 49. Rxd5+ Kxd5 50. Kxg5 Ke6 51. Kh6 Kf7 52. Kh7 Kf6 53. Kh6 Kf7 54. g5 Kf8 55.
Kg6 Kg8 56. Kf6 Kh8 57. Kg6 1-0

[Event "Live Chess"]
[Site "Chess.com"]
[Date "2023.05.21"]
[Round "-"]
[White "luckywookie"]
[Black "Duke_of_Bebington"]
[Result "0-1"]
[WhiteElo "756"]
[BlackElo "1584"]
[TimeControl "300"]
[EndTime "18:04:37 PDT"]
[Termination "Duke_of_Bebington won on time"]

1. e4 e5 2. Be2 Nf6 3. Nf3 Nc6 4. O-O Bc5 5. h3 O-O 6. Nc3 d6 7. d3 h6 8. Nd5 Nxd5 9. exd5 Ne7 10. c3 Nxd5 11.
d4 exd4 12. cxd4 Bb6 13. Bd3 Qf6 14. Re1 Bd7 15. Be4 Bc6 16. Be3 Nxe3 17. Rxe3 Bxe4 18. Rxe4 Rfe8 19. Rxe8+ Rxe8 20. Qd2 a6 21. Rc1 Re4 22. Re1 Rxe1+ 23. Qxe1 Kf8 24. Qd2 Qe6 25. Kf1 Qxa2 26. Ke2 Qc4+ 27. Kd1 Qf1+ 28. Kc2 Qc4+ 29. Kd1 a5 0-1

[Event "Live Chess"]
[Site "Chess.com"]
[Date "2023.05.21"]
[Round "-"]
[White "xx_blindpuffin_xx"]
[Black "Tushinskiy"]
[Result "1-0"]
[WhiteElo "2205"]
[BlackElo "2158"]
[TimeControl "300"]
[EndTime "18:05:32 PDT"]
[Termination "xx_blindpuffin_xx won by resignation"]

1. d4 d5 2. Bf4 c6 3. e3 Nf6 4. Nf3 e6 5. Bd3 Bd6 6. Bg3 Qe7 7. Ne5 Nbd7 8. f4 O-O 9. Nd2 Re8 10. O-O Nf8 11. Bh4 Ng6 12. Bg3 Nd7 13. Qh5 Ndf8 14. c3 a6 15. Rae1 c5 16. e4 cxd4 17. exd5 dxc3 18. bxc3 Qc7 19. dxe6 Bxe5 20. exf7+ Kxf7 21. fxe5+ Kg8 22. Ne4 Be6 23. Nd6 Qxc3 24. Nxe8 Qxd3 25. Nc7 Rc8 26. Nxe6 Nxe6 27. Qf5 Qc4 28. h3 Rf8 29. Qb1 b5 30. Rxf8+ Ngxf8 31. Rc1 Qd4+ 32. Kh2 h6 33. Rc6 Qd5 34. Rxa6 Nd4 35. Rd6 Qc4 36. Qe4 Nfe6 37. Qd5 Qe2 38. Rxe6 1-0

[Event "Live Chess"]
[Site "Chess.com"]
[Date "2023.05.21"]
[Round "-"]
[White "ClassyChameleon"]
[Black "peter-785"]
[Result "0-1"]
[WhiteElo "1108"]
[BlackElo "1214"]
[TimeControl "300"]
[EndTime "18:05:41 PDT"]
[Termination "peter-785 won by resignation"]

1. e4 c5 2. Nc3 d6 3. Bc4 e6 4. d3 Nf6 5. Bf4 Be7 6. Nf3 a6 7. O-O b5 8. Nxb5 axb5 9. Bxb5+ Bd7 10. Bxd7+ Nbxd7 11. c4 O-O 12. e5 dxe5 13. Nxe5 Nxe5 14.
Bxe5 Nd7 15. Bc3 Bf6 16. Bxf6 Nxf6 17. Qb3 Rb8 18. Qc3 Qd4 19. Qxd4 cxd4 20. b3 Rb4 21. h3 Nd7 22. f4 Nc5 23. Rf3 Ra8 24. Kh2 Nxb3 25.
f5 e5 26. f6 g6 27. Kg3 Nxa1 0-1

[Event "Live Chess"]
[Site "Chess.com"]
[Date "2023.05.21"]
[Round "-"]
[White "jimwad"]
[Black "alanmike75"]
[Result "0-1"]
[WhiteElo "1250"]
[BlackElo "1576"]
[TimeControl "300"]
[EndTime "18:05:41 PDT"]
[Termination "alanmike75 won by resignation"]

1. c4 e5 2. g3 Nf6 3. Bg2 d5 4.
cxd5 Nxd5 5. d4 exd4 6. Qxd4 Nf6 7. Qe5+ Be7 8. Nc3 O-O 9. Nf3 Bd6 10. Qe3 Re8 11.
Qd2 Nc6 12. O-O Bg4 13. h3 Bh5 14. Ng5 Bg6 15. Re1 Qe7 16. Nf3 Rad8 17. Qc2 Bxc2 0-1

[Event "Live Chess"]
[Site "Chess.com"]
[Date "2023.05.21"]
[Round "-"]
[White "chessfiction"]
[Black "Hussamalhaidar"]
[Result "1-0"]
[WhiteElo "2347"]
[BlackElo "1091"]
[TimeControl "300"]
[EndTime "18:05:44 PDT"]
[Termination "chessfiction won by checkmate"]

1. e4 e5 2. f4 Nc6 3. Nf3 d5 4. Nc3 Bg4 5. exd5 Bxf3 6. Qxf3 Nd4 7. Qe4 Bc5 8. Qxe5+ Ne7 9. Bd3 O-O 10. Ne4 Nxd5 11. Nxc5 Re8 12. O-O Rxe5 13. fxe5 b6 14. Ne4 c5 15. c3 Ne6 16. Nd6 Nef4 17. Be4 Ne2+ 18. Kh1 Nef4 19. d4 cxd4 20. Bxf4 Nxf4 21. Rxf4 f6 22.
Bd5+ Kf8 23. Bxa8 Qxa8 24. cxd4 Qd5 25. Raf1 a5 26. Ne4 Qxd4 27. exf6 Qxb2 28. fxg7+ Kxg7 29. Rf7+ Kg6 30. R1f6+ Kh5 31. Rxh7+ Kg4 32. h3# 1-0

[Event "Live Chess"]
[Site "Chess.com"]
[Date "2023.05.21"]
[Round "-"]
[White "ThatGuyNamedJeff"]
[Black "GEMdzq"]
[Result "0-1"]
[WhiteElo "1571"]
[BlackElo "2269"]
[TimeControl "300"]
[EndTime "18:05:50 PDT"]
[Termination "GEMdzq won by resignation"]

1. e4 d6 2. d4 Nf6 3. Nc3 g6 4. Be3 Bg7 5. Qd2 c6 6. Bh6 Bxh6 7. Qxh6 Qa5 8. O-O-O Nbd7 9. Nf3 b5 10. Ng5 b4 11.
Qg7 Rf8 12. Bc4 Qxg5+ 0-1

[Event "Live Chess"]
[Site "Chess.com"]
[Date "2023.05.21"]
[Round "-"]
[White "sanjesh_ananda"]
[Black "domrobson"]
[Result "0-1"]
[WhiteElo "1337"]
[BlackElo "1735"]
[TimeControl "300"]
[EndTime "18:06:20 PDT"]
[Termination "domrobson won on time"]

1. e4 e5 2. Nf3 Nc6 3. Bc4 Nf6 4. Nc3 Nxe4 5. Nxe4 d5 6. Bxd5 Qxd5 7. Nc3 Qd8 8.
O-O Be7 9. Re1 Bg4 10. h3 Bh5 11.
g4 Bg6 12. Nxe5 Nxe5 13. Rxe5 O-O 14. d3 Bf6 15. Re1 Bd4 16. Ne2 Bb6 17. Nf4 Qh4 18.
Be3 Bxe3 19. Rxe3 Rae8 20. Ng2 Qd8 21. Rg3 Re7 22. h4 f5 23. g5 f4 24. Rh3 Qd7 25. Kh2 Bf5 26. Nxf4 Bxh3 27. Nxh3 Ref7 28. Qe2 Rf3 0-1

[Event "Live Chess"]
[Site "Chess.com"]
[Date "2023.05.21"]
[Round "-"]
[White "whatnot126"]
[Black "romchyk1219"]
[Result "1-0"]
[WhiteElo "2055"]
[BlackElo "633"]
[TimeControl "300"]
[EndTime "18:06:27 PDT"]
[Termination "whatnot126 won by resignation"]

1. e4 d6 2. d4 Nf6 3. Nc3 g6 4.
Bg5 Bg7 5. e5 dxe5 6. dxe5 Nfd7 7. Nd5 Nxe5 8. Bxe7 Qd7 9. Ba3 Nc4 10. Bxc4 c6 11. Qe2+ Kd8 12. Be7+ Ke8 13. Nf6+ Bxf6 14. Bxf6+ Kf8 15. Bxh8 Qd4 16. Bxd4 1-0

[Event "Live Chess"]
[Site "Chess.com"]
[Date "2023.05.21"]
[Round "-"]
[White "therealab0ne"]
[Black "raminguy"]
[Result "0-1"]
[WhiteElo "717"]
[BlackElo "1940"]
[TimeControl "300"]
[EndTime "18:06:41 PDT"]
[Termination "raminguy won on time"]

1. e4 e5 2. Bc4 Nc6 3. Nc3 Nf6 4.
d3 Na5 5. Nf3 Nxc4 6. dxc4 Bb4 7. Bd2 O-O 8. Nxe5 Re8 9. Nd3 Bxc3 10. Bxc3 Nxe4 11. O-O Nxc3 12. bxc3 d6 13. Re1 Be6 14. c5 d5 15. c4 dxc4 16. Ne5 Qxd1 17. Raxd1 Rad8 18. h3 Kf8 19. a4 b6 20. cxb6 cxb6 21. Nc6 Ra8 22. Kf1 Rec8 23. Nd4 Re8 24. Nxe6+ Rxe6 25. Rd7 Rxe1+ 26. Kxe1 a6 27. Kd2 Rb8 28. Kc3 b5 29. axb5 axb5 30. Kb4 g6 31. Rd5 Re8 32. g4 Re2 33. f4 Rxc2 34. Kxb5 c3 35. f5 gxf5 36.
Rxf5 Rc1 37. Rf2 c2 38. Kb4 Rb1+ 39. Kc3 c1=Q+ 40. Rc2 Qe3+ 41. Kc4 Qxh3 0-1

[Event "Live Chess"]
[Site "Chess.com"]
[Date "2023.05.21"]
[Round "-"]
[White "jimwad"]
[Black "chessfiction"]
[Result "0-1"]
[WhiteElo "1250"]
[BlackElo "2347"]
[TimeControl "300"]
[EndTime "18:07:01 PDT"]
[Termination "chessfiction won by resignation"]

1. c4 d5 2. cxd5 c6 3. Nc3 Nf6 4. dxc6 e5 5. e4 Bc5 6. Nf3 Qb6 7. Qe2 Nxc6 8. Nd5 Nxd5 9. exd5 Nb4 10. Qxe5+ Kd8 11.
Qe2 Re8 12. Qxe8+ Kxe8 13. d4 Nc2+ 0-1

[Event "Live Chess"]
[Site "Chess.com"]
[Date "2023.05.21"]
[Round "-"]
[White "alanmike75"]
[Black "Tushinskiy"]
[Result "0-1"]
[WhiteElo "1575"]
[BlackElo "2159"]
[TimeControl "300"]
[EndTime "18:07:14 PDT"]
[Termination "Tushinskiy won by resignation"]

1. e4 e5 2. Nf3 d6 3. d4 Bg4 4. dxe5 Nd7 5. exd6 Bxd6 6. Be2 Qe7 7. Nc3 Ngf6 8. Bg5 O-O-O 9. O-O Bxf3 10. Bxf3 Qe5 0-1

[Event "Live Chess"]
[Site "Chess.com"]
[Date "2023.05.21"]
[Round "-"]
[White "LanceMaster23"]
[Black "nigelst"]
[Result "1-0"]
[WhiteElo "1932"]
[BlackElo "1781"]
[TimeControl "300"]
[EndTime "18:07:39 PDT"]
[Termination "LanceMaster23 won by resignation"]

1. Nf3 Nf6 2. d4 d5 3. Bf4 Bf5 4. e3 e6 5. Be2 Bd6 6. Bg3 Bxg3 7. hxg3 O-O 8. c3 Qd6 9. Nbd2 c5 10. Qb3 Qb6 11.
Nh4 Qxb3 12. axb3 Bg6 13. Nxg6 hxg6 14. dxc5 Rc8 15. b4 Nc6 16. Nb3 Ne5 17. O-O a6 18. Nd4 Ne4 19. Ra3 Nd2 20. Rfa1 Ndc4 21. R3a2 Nc6 22. Bxc4 dxc4 23. Nxc6 Rxc6 24. Rd1 Rcc8 25.
Kf1 Rd8 26. Raa1 Kf8 27. Ke2 Ke7 28. Rd4 Rxd4 29. cxd4 Rd8 30. f4 Kf6 31. g4 g5 32.
g3 Rh8 33. Rf1 Rh3 34. Rf3 Rh2+ 35. Rf2 Rh3 36. Rg2 Rh1 37. Kd2 Rb1 38. Kc3 Rc1+ 39. Kd2 Rb1 40. Kc2 Re1 41. Kc3 Rc1+ 42. Rc2 Re1 43. Kxc4 Rxe3 44. Rf2 Rxg3 45. fxg5+ Kg6 46. Rf4 Rg2 47. Kb3 Rg3+ 48. Ka4 Rg2 49. Kb3 Rg3+ 50. Kc4 Rg2 51. b3 Rc2+ 52. Kd3 Rb2 53. Kc3 Rg2 54. b5 axb5 55. Kb4 Rb2 56. Rf3 Kxg5 57. Rxf7 g6 58.
Rxb7 Kxg4 59. Rxb5 Kf3 60. Rb6 g5 61. Rxe6 g4 62.
Rf6+ Ke3 63. Rg6 Kf3 64. d5 g3 65. d6 g2 66. d7 Rd2 67. c6 Rd6 68. Rxd6 g1=Q 69.
d8=Q Qe1+ 70. Rd2 Qe4+ 71. Qd4 Qe7+ 72. Qc5 Qe4+ 73. Rd4 Qe1+ 74. Qc3+ Qxc3+ 75. Kxc3 Ke3 76. c7 Ke2 77. c8=Q Kf2 78. Qe6 1-0

[Event "Live Chess"]
[Site "Chess.com"]
[Date "2023.05.21"]
[Round "-"]
[White "IgorSchukin"]
[Black "Olisingapore"]
[Result "1-0"]
[WhiteElo "1758"]
[BlackElo "1800"]
[TimeControl "300"]
[EndTime "18:07:44 PDT"]
[Termination "IgorSchukin won by resignation"]

1. e4 e5 2. Nf3 Nc6 3. Nc3 Nf6 4. d4 Nxd4 5. Nxd4 exd4 6. Qxd4 b6 7. e5 Ng8 8. Bc4 Bb7 9. O-O Bc5 10. Qf4 Nh6 11. Ne4 d5 12. exd6 Bxe4 13. Qxe4+ Kf8 14. dxc7 Qxc7 15.
Qxa8+ Ke7 16. Qxh8 Ng4 17. g3 Nxf2 18. Re1+ Kf6 19.
Bg5+ Kg6 20. Be3 Bxe3 21. Rxe3 Nh3+ 22. Kg2 Qxc4 23. Kxh3 Qxc2 24. Rae1 Qf5+ 25. g4 Qf2 26.
Re6+ fxe6 27. Rxe6+ Kg5 28. Qxg7+ Kf4 29. Rf6+ Ke3 30. Rxf2 Kxf2 31. Qxh7 Ke3 32. g5 Kd4 33. g6 1-0

[Event "Live Chess"]
[Site "Chess.com"]
[Date "2023.05.21"]
[Round "-"]
[White "LutherSullivan"]
[Black "Missedidea"]
[Result "1-0"]
[WhiteElo "2130"]
[BlackElo "1839"]
[TimeControl "300"]
[EndTime "18:07:50 PDT"]
[Termination "LutherSullivan won on time"]

1. d4 Nf6 2. c4 g6 3. Nc3 Bg7 4.
e4 d6 5. f3 O-O 6. Be3 Nc6 7.
Qd2 a6 8. Rc1 e5 9. d5 Nd4 10.
Nge2 c5 11. dxc6 Nxc6 12. Nd5 Nxd5 13. cxd5 Ne7 14. Nc3 b5 15. a4 b4 16. Nd1 a5 17.
b3 f5 18. Nb2 f4 19. Bf2 g5 20. Nc4 Rb8 21. Ba7 Rb7 22. Qf2 g4 23. Bb6 Qe8 24.
Nxa5 Rxb6 25. Qxb6 Qh5 26. Qf2 Ng6 27. Be2 g3 28. Qg1 Qg5 29. h3 Nh4 30. Nc6 Bd7 31. Bb5 Nxf3+ 32. gxf3 g2 33. Rh2 Qg3+ 34. Ke2 Bxh3 35.
a5 Ra8 36. a6 Bf6 37. a7 Kf7 38. Ba6 Bh4 39. Bb7 Bg4 40. Qxg2 Bxf3+ 41. Qxf3 Qxh2+ 42. Kd3 Qb2 43. Qh5+ Kg7 44. Rg1+ Kh8 45. Nxb4 1-0

[Event "Live Chess"]
[Site "Chess.com"]
[Date "2023.05.21"]
[Round "-"]
[White "Long1968"]
[Black "Jo1ts"]
[Result "0-1"]
[WhiteElo "1060"]
[BlackElo "833"]
[TimeControl "300"]
[EndTime "18:08:00 PDT"]
[Termination "Jo1ts won on time"]

1. e4 d5 2. exd5 Qxd5 3. Nc3 Qa5 4. d4 Nf6 5. Bd2 e5 6. Ne4 Qd5 7. Nxf6+ gxf6 8. Be3 Nc6 9. c4 Qe4 10. Nf3 Bg4 11. Be2 O-O-O 12. d5 Nb4 13. Rc1 Bxf3 14. gxf3 Qf5 15. a3 Na6 16. Bd3 Qh3 17. Bf1 Qh5 18.
h4 Bc5 19. b4 Bxe3 20. fxe3 f5 21. f4 Qxd1+ 22. Rxd1 exf4 23. exf4 Rhe8+ 0-1

[Event "Live Chess"]
[Site "Chess.com"]
[Date "2023.05.21"]
[Round "-"]
[White "LodeshChess"]
[Black "xx_blindpuffin_xx"]
[Result "0-1"]
[WhiteElo "1176"]
[BlackElo "2205"]
[TimeControl "300"]
[EndTime "18:08:31 PDT"]
[Termination "xx_blindpuffin_xx won by resignation"]

1. e4 c6 2. Nf3 d5 3. d3 dxe4 4. Ng5 exd3 5. Bxd3 Nf6 6. Nxf7 Kxf7 7. Bg6+ hxg6 8.
Qxd8 Bf5 9. Na3 e6 10. Qc7+ Be7 11. Qxb7 Nbd7 12. Bg5 Rab8 13. Qxc6 Rxb2 14. Bxf6 Nxf6 15. Nc4 Rxc2 16. O-O Rh4 17. Ne5+ Kg8 18. Qc8+ Rxc8 0-1

[Event "Live Chess"]
[Site "Chess.com"]
[Date "2023.05.21"]
[Round "-"]
[White "grillage"]
[Black "LiamBellwood"]
[Result "0-1"]
[WhiteElo "1800"]
[BlackElo "2049"]
[TimeControl "300"]
[EndTime "18:08:53 PDT"]
[Termination "LiamBellwood won by resignation"]

1. d4 e6 2. Nf3 f5 3. d5 Nf6 4. dxe6 d5 5. Nd4 g6 6. Bg5 Bg7 7. e3 O-O 8. Be2 c5 9. Nf3 Bxe6 10. O-O Nc6 11. c4 d4 12. exd4 Nxd4 13. Nxd4 Qxd4 14.
Qxd4 cxd4 15. Nd2 Ne4 16. Nxe4 fxe4 17. Rac1 Rac8 18. b3 a5 19. Rfe1 a4 20. h3 axb3 21. axb3 h6 22. Bh4 d3 23. Bg4 Bxg4 24. hxg4 d2 0-1

[Event "Live Chess"]
[Site "Chess.com"]
[Date "2023.05.21"]
[Round "-"]
[White "Cimon"]
[Black "SupremeTactician"]
[Result "0-1"]
[WhiteElo "1853"]
[BlackElo "2308"]
[TimeControl "300"]
[EndTime "18:08:56 PDT"]
[Termination "SupremeTactician won by resignation"]

1. Nf3 e6 2. d4 d5 3. c4 dxc4 4.
Nc3 Ne7 5. e4 Ng6 6. Bxc4 Bb4 7.
O-O Bxc3 8. bxc3 O-O 9. Ba3 Re8 10. Rb1 Nc6 11. e5 Bd7 12. Bd3 Nf4 13. Be4 Nd5 14.
Qd2 g6 15. Bxd5 exd5 16. Rxb7 Na5 17. Rbb1 Nc4 18. Qc1 Bf5 19. Rb3 Be4 20. Re1 Bxf3 21. gxf3 Qh4 22. Qc2 Qf4 23. Qe2 Rab8 24. Bc1 Qf5 25.
Be3 Rxb3 26. axb3 Nxe3 27. fxe3 Rb8 28. b4 Qg5+ 29. Kh1 h5 30. Ra1 Rb7 31. f4 Qf5 32. Ra6 Qe4+ 33. Kg1 Qb1+ 34. Kf2 Qh1 35. Qf3 Qxh2+ 36.
Ke1 Qg1+ 37. Kd2 h4 38. e6 fxe6 39. Rxe6 Kf7 40. Qxd5 Qf2+ 41. Kd3 Qf1+ 42. Kc2 Qe2+ 43. Kb3 Qd1+ 44. Kc4 Qe2+ 45. Kb3 Qd1+ 46. Kc4 Qf1+ 47. Kb3 Qb1+ 48. Kc4 Qa2+ 49. Kc5 Rb5+ 50. Kxb5 Qxd5+ 0-1

[Event "Live Chess"]
[Site "Chess.com"]
[Date "2023.05.21"]
[Round "-"]
[White "chessfiction"]
[Black "raminguy"]
[Result "1-0"]
[WhiteElo "2348"]
[BlackElo "1939"]
[TimeControl "300"]
[EndTime "18:09:03 PDT"]
[Termination "chessfiction won by resignation"]

1. e4 e5 2. Nf3 Nc6 3. Bb5 Nf6 4.
d3 Ne7 5. O-O c6 6. Ba4 Ng6 7.
c3 Be7 8. Be3 O-O 9. h3 d6 10.
Nbd2 Be6 11. Re1 a5 12. Nf1 b5 13. Bc2 h6 14. Ng3 Re8 15. Qd2 d5 16. d4 dxe4 17. Nxe4 Nxe4 18. Bxe4 exd4 19. Nxd4 Bd5 20. Nxc6 Bxc6 21. Bxc6 Qxd2 22. Bxd2 1-0

[Event "Live Chess"]
[Site "Chess.com"]
[Date "2023.05.21"]
[Round "-"]
[White "KGreenGator"]
[Black "CheckThis4"]
[Result "0-1"]
[WhiteElo "1801"]
[BlackElo "2513"]
[TimeControl "300"]
[EndTime "18:09:27 PDT"]
[Termination "CheckThis4 won by checkmate"]

1. c4 e5 2. Nc3 Nc6 3. e3 f5 4. d4 Nf6 5. d5 Ne7 6. Nf3 d6 7. h3 Ng6 8. Ng5 Be7 9. Be2 O-O 10.
Bh5 Nh8 11. h4 h6 12. Ne6 Bxe6 13. dxe6 Qc8 14. Nd5 Qxe6 15. Nxc7 Qxc4 16. Nxa8 Rxa8 17. Be2 Qc6 18. Qb3+ Kh7 19. Bf3 e4 20. Be2 Ng6 21.
Qe6 Qc8 22. Bc4 d5 23. Bxd5 Bb4+ 24. Bd2 Bxd2+ 25. Kxd2 Qd8 26. Qxf5 Qa5+ 27. Ke2 Nxd5 28. Qxe4 Qb5+ 29. Kf3 Rf8+ 30. Kg3 Nf6 31. Qc2 Qe5+ 32.
Kh3 Ne4 33. f4 Qf5+ 34. Kh2 Nxh4 35. g3 Nxg3 36. Qxf5+ Nhxf5 37. Rhg1 Re8 38. Rae1 Ne4 39.
Re2 h5 40. Rd1 Re7 41. Rd5 g6 42. a3 Kh6 43. Re5 Rxe5 44. fxe5 h4 45. e6 Kg7 46. Kh3 Kf6 47. Rc2 Kxe6 48. Rc7 Ned6 49. e4 Nd4 50. Rg7 g5 51. Rxg5 Nxe4 52. Rg4 Kd5 53. Kxh4 Nd6 54. Rg7 a5 55. b4 a4 56. Kg5 N4b5 57. Rg6 Nxa3 58.
Rg7 Nc2 59. Kh6 a3 60. Rg3 a2 61. Rg1 a1=Q 62. Rxa1 Nxa1 63. Kg6 Nc2 64. Kf6 Nxb4 65. Ke7 Nd3 66. Kd7 b5 67. Kc7 b4 68. Kb6 b3 69.
Ka5 b2 70. Ka4 b1=Q 71. Ka3 Qb4+ 72. Ka2 Qb2# 0-1

[Event "Live Chess"]
[Site "Chess.com"]
[Date "2023.05.21"]
[Round "-"]
[White "Biranidun"]
[Black "KeithArkell"]
[Result "1/2-1/2"]
[WhiteElo "2571"]
[BlackElo "2604"]
[TimeControl "300"]
[EndTime "18:09:44 PDT"]
[Termination "Game drawn by agreement"]

1. e4 e6 2. d4 d5 3. Nc3 dxe4 4. Nxe4 Bd7 5. Nf3 Bc6 6. Bd3 Nd7 7. O-O Ngf6 8. Ng3 Be7 9. c4 Bxf3 10. Qxf3 c6 11. Re1 O-O 12. Bd2 a5 13. a3 a4 14. Bc3 Re8 15.
Rad1 Qc7 16. Bc2 Bf8 17. h4 b5 18. Ne4 bxc4 19. Nxf6+ Nxf6 20. Qe2 Nd5 21. Qxc4 Nxc3 22. Qxc3 g6 23. Be4 Rec8 24. Rc1 Bg7 25. Red1 Qf4 26. Qf3 Qxf3 27. Bxf3 Ra6 28. Rc4 Rb6 29. Rd2 Rcb8 30. Rxa4 Rxb2 31. Rxb2 Rxb2 32. Ra8+ Bf8 33. Bxc6 Rd2 34.
a4 Rd1+ 35. Kh2 Rxd4 36. a5 Rxh4+ 37. Kg3 Rc4 38. Rc8 Rc3+ 39. f3 Ra3 40. Ra8 Kg7 41.
a6 Bd6+ 42. Kf2 Ra2+ 43. Kf1 Bc5 44. f4 h5 45. Bb7 Kf6 46. Rc8 Be3 47. g3 Kf5 48.
Rc7 Kg4 49. Rxf7 Kxg3 50. Rf6 h4 51. Rxg6+ Kxf4 52. Rxe6 Ba7 53. Rf6+ Kg4 54. Rg6+ Kf5 55. Rh6 Kg5 56. Rh8 1/2-1/2

[Event "Live Chess"]
[Site "Chess.com"]
[Date "2023.05.21"]
[Round "-"]
[White "Tushinskiy"]
[Black "jimwad"]
[Result "1-0"]
[WhiteElo "2159"]
[BlackElo "1250"]
[TimeControl "300"]
[EndTime "18:10:24 PDT"]
[Termination "Tushinskiy won by resignation"]

1. d4 d5 2. c3 Nf6 3. Nf3 e6 4. Bf4 Bd6 5. Bg3 Bxg3 6. hxg3 h6 7. Nbd2 Nc6 8. Qc2 O-O 9. e4 dxe4 10. Nxe4 Nxe4 11.
Qxe4 Qf6 12. Bd3 Qg6 13. Qe3 Qf6 14. Ne5 Nxe5 15. dxe5 Qe7 16. f4 f5 17. O-O-O b6 18.
g4 fxg4 19. Qg3 Bb7 20. Qxg4 Rad8 21. Rxh6 Rxd3 22. Rxd3 Be4 23. Rd4 Bf5 24. Qg3 Rf7 25. Rh1 Qc5 26. Qh4 Qe7 27. Rd8+ 1-0

[Event "Live Chess"]
[Site "Chess.com"]
[Date "2023.05.21"]
[Round "-"]
[White "garyjc"]
[Black "GMHarry-youtube"]
[Result "0-1"]
[WhiteElo "1035"]
[BlackElo "2044"]
[TimeControl "300"]
[EndTime "18:10:46 PDT"]
[Termination "GMHarry-youtube won by checkmate"]

1. e4 c5 2. Nc3 d6 3. f4 Nf6 4. Bc4 g6 5. Nf3 Bg7 6. d3 Kf8 7. O-O Nc6 8. f5 gxf5 9. exf5 Bxf5 10. Ng5 Bg6 11. Qe1 Nd4 12. Qd2 h6 13. Nf3 Nxf3+ 14. Rxf3 Kg8 15. Qf2 Kh7 16. Be3 d5 17. Bb5 d4 18. Bxh6 Bxh6 19. Rh3 dxc3 20. bxc3 Kg7 21. Re1 e6 22. Rf1 Bg5 23. Rf3 Qd6 24. Rxf6 Qxh2# 0-1

[Event "Live Chess"]
[Site "Chess.com"]
[Date "2023.05.21"]
[Round "-"]
[White "Fazer180"]
[Black "gmnorfolk"]
[Result "1/2-1/2"]
[WhiteElo "1751"]
[BlackElo "2120"]
[TimeControl "300"]
[EndTime "18:10:57 PDT"]
[Termination "Game drawn - insufficient material"]

1. e4 c5 2. Nf3 d6 3. d4 cxd4 4. Nxd4 Nf6 5. Nc3 a6 6. Be3 e5 7. Nb3 Be7 8. Be2 Be6 9. f3 Nbd7 10. Nd5 Nxd5 11. exd5 Bf5 12. Bd3 Bxd3 13. Qxd3 a5 14.
Qb5 O-O 15. O-O a4 16. Nd2 Ra5 17. Qxb7 Nc5 18. Bxc5 Rxc5 19. c4 Bg5 20. Ne4 Be3+ 21. Kh1 Rxc4 22. Rfe1 Bc5 23. Nxc5 Rxc5 24. Qb4 Qa8 25.
Red1 Rb8 26. Qa3 Qa5 27. Rac1 Rxc1 28. Rxc1 Qd2 29. Qc3 Qxc3 30. Rxc3 Kf8 31. b3 axb3 32. axb3 Rb5 33. Rd3 f5 34. Kg1 Kf7 35. Kf2 e4 36.
fxe4 fxe4 37. Rd4 Rxb3 38. Rxe4 Rd3 39. Rf4+ Kg8 40. Rf5 g6 41. Rg5 Kf7 42. Ke2 Rd4 43.
Ke3 Rd1 44. Ke4 Kf6 45. Rg3 Re1+ 46. Kd4 Rf1 47. Rh3 h5 48. Rg3 g5 49. Kc4 g4 50. Kb5 Ke5 51. h3 Rb1+ 52. Kc6 Rc1+ 53. Kd7 gxh3 54. Rxh3 Kxd5 55. Rxh5+ Ke4 56. Kxd6 Kf4 57.
Rh8 Rg1 58. Rg8 Kf5 59. Ke7 Kf4 60. Kf6 Ra1 61. g4 Ra6+ 62. Ke7 Ra5 63. Kd6 Rg5 64. Rxg5 Kxg5 65. Ke6 Kxg4 1/2-1/2

[Event "Live Chess"]
[Site "Chess.com"]
[Date "2023.05.21"]
[Round "-"]
[White "Jo1ts"]
[Black "xx_blindpuffin_xx"]
[Result "0-1"]
[WhiteElo "833"]
[BlackElo "2205"]
[TimeControl "300"]
[EndTime "18:11:13 PDT"]
[Termination "xx_blindpuffin_xx won by resignation"]

1. d4 c6 2. Nf3 g6 3. Bf4 Bg7 4. e3 Nf6 5. Nbd2 O-O 6. Bd3 d5 7. c3 Re8 8. O-O Bg4 9. Be2 Bxf3 10. Nxf3 Nbd7 11. Bd3 Nh5 12. Be5 f6 13. Bf4 Nxf4 14.
exf4 e5 15. fxe5 fxe5 16. Re1 e4 0-1